[Event "Titled Tuesday Blitz March 21 Early 2023"]
[White "Moroni, Luca Jr"]
[Black "Omelja, Artem"]
[WhiteFideId "865834"]
[BlackFideId "14119846"]
[WhiteElo "2569"]
[BlackElo "2404"]
[Result "1-0"]
[Round "01"]
[TimeControl "180+2"]
[Date "2023.03.21"]
[WhiteClock "0:00:44"]
[BlackClock "0:00:03"]

1. Nc3 d5 2. d4 Nf6 3. Bg5 Nbd7 4. Qd3 h6 5. Bh4 e6 6. O-O-O Be7 7. f3 c5 8. e4 dxe4 9. fxe4 Qa5 10. Nf3 cxd4 11. Qxd4 O-O 12. e5 Bc5 13. Qa4 Qxa4 14. Nxa4 Be3+ 15. Kb1 Ne4 16. Bb5 Ndc5 17. Be7 Nxa4 18. Bxa4 Nf2 19. Bxf8 Nxh1 20. Rd8 Kh7 21. c3 Nf2 22. Bc2+ g6 23. Be7 Bg5 24. Nxg5+ hxg5 25. Bf6 1-0


[Site "https://www.chess.com"]

[Event "Titled Tuesday Blitz March 21 Early 2023"]
[White "Nguyen Hong Nhung"]
[Black "Raja Rithvik R"]
[WhiteFideId "12412201"]
[BlackFideId "35007394"]
[WhiteElo "1904"]
[BlackElo "2402"]
[Result "1-0"]
[Round "01"]
[TimeControl "180+2"]
[Date "2023.03.21"]
[WhiteClock "0:00:10"]
[BlackClock "0:00:16"]

1. e4 d6 2. d4 Nf6 3. Nc3 g6 4. f4 Bg7 5. Nf3 c5 6. dxc5 Qa5 7. Bd3 Qxc5 8. Qe2 Nc6 9. Be3 Qa5 10. O-O O-O 11. h3 Bd7 12. Rad1 Rac8 13. Bc4 a6 14. Bb3 b5 15. e5 Ne8 16. Nd5 Rb8 17. exd6 Nxd6 18. Nxe7+ Nxe7 19. Rxd6 Qc7 20. Rfd1 Bc6 21. Ne5 Bxe5 22. fxe5 Nf5 23. Rf6 Qxe5 24. Rxc6 Nxe3 25. Re1 Rbe8 26. Rxa6 Qg3 27. Qf2 Qg5 28. Ra7 Nxg2 29. Bxf7+ Kg7 30. Bxe8+ Kh6 31. Qxf8+ Kh5 32. Rxh7+ 1-0


[Site "https://www.chess.com"]

[Event "Titled Tuesday Blitz March 21 Early 2023"]
[White "Dardha, Daniel"]
[Black "Belov, Alexei"]
[WhiteFideId "240990"]
[BlackFideId "4128206"]
[WhiteElo "2581"]
[BlackElo "2497"]
[Result "1-0"]
[Round "01"]
[TimeControl "180+2"]
[Date "2023.03.21"]
[WhiteClock "0:01:23"]
[BlackClock "0:01:10"]

1. Nf3 Nf6 2. c4 e6 3. e3 d5 4. b3 Be7 5. Bb2 O-O 6. Nc3 c5 7. cxd5 exd5 8. d4 Nc6 9. Be2 cxd4 10. Nxd4 Bc5 11. Nxc6 bxc6 12. O-O Bf5 13. Rc1 Bd6 14. Na4 Rc8 15. Qd4 Qe7 16. Nc5 Rfe8 17. b4 Qc7 18. Qh4 Be5 19. Bxe5 Qxe5 20. Rfe1 Ne4 21. Nxe4 Bxe4 22. Qg3 Qb2 23. Bg4 f5 24. Bh5 g6 25. Be2 Qxb4 26. f3 f4 27. Qxf4 Rf8 28. Qh4 g5 29. Qg4 1-0


[Site "https://www.chess.com"]

[Event "Titled Tuesday Blitz March 21 Early 2023"]
[White "Santos Flores, Alberto"]
[Black "Chigaev, Maksim"]
[WhiteFideId "3601234"]
[BlackFideId "4108116"]
[WhiteElo "2235"]
[BlackElo "2547"]
[Result "1-0"]
[Round "01"]
[TimeControl "180+2"]
[Date "2023.03.21"]
[WhiteClock "0:00:52"]
[BlackClock "0:00:11"]

1. e4 c5 2. Nf3 Nc6 3. Nc3 g6 4. d4 cxd4 5. Nxd4 Bg7 6. Be3 Nf6 7. Bc4 O-O 8. Bb3 Re8 9. f3 e6 10. f4 d6 11. Ndb5 Re7 12. Nxd6 Nd7 13. e5 Ndxe5 14. fxe5 Bxe5 15. Nxc8 Qxc8 16. O-O Qc7 17. h3 Rd8 18. Qf3 Nd4 19. Qf2 Nf5 20. Bf4 Bxf4 21. Qxf4 Qxf4 22. Rxf4 Kg7 23. Rff1 Rc8 24. g4 Nd4 25. Rad1 Rd7 26. Rd3 Rcd8 27. Kg2 Nc6 28. Rfd1 Rxd3 29. Rxd3 Rxd3 30. cxd3 Nd4 31. g5 h6 32. h4 Nf5 33. Kh3 b6 34. Ne4 Nd4 35. Bc4 Nf5 36. a4 a5 37. b3 h5 38. Nf6 Kf8 39. Nd7+ Ke7 40. Nxb6 Kd6 41. Bb5 Kc5 42. Nc4 Kb4 43. Be8 1-0


[Site "https://www.chess.com"]

[Event "Titled Tuesday Blitz March 21 Early 2023"]
[White "Yeletsky, Ivan"]
[Black "Shapiro, Viktor"]
[WhiteFideId "24180327"]
[BlackFideId "4175700"]
[WhiteElo "2414"]
[BlackElo "2152"]
[Result "0-1"]
[Round "01"]
[TimeControl "180+2"]
[Date "2023.03.21"]
[WhiteClock "0:00:02"]
[BlackClock "0:00:43"]

1. e4 Nf6 2. e5 Nd5 3. d4 d6 4. Nf3 Bg4 5. Be2 e6 6. c4 Nb6 7. h3 Bh5 8. exd6 cxd6 9. Nc3 Be7 10. d5 e5 11. c5 dxc5 12. Nxe5 Bxe2 13. Qxe2 O-O 14. O-O N8d7 15. Nf3 Re8 16. Rd1 Bd6 17. Qc2 Nf6 18. Bg5 h6 19. Bh4 g5 20. Bg3 Bxg3 21. fxg3 Qd6 22. g4 a6 23. b3 Re3 24. Rd3 Rae8 25. Rad1 Kg7 26. a4 c4 27. Rxe3 Rxe3 28. bxc4 Nxc4 29. Rd3 Qc5 30. Qf2 Qb6 31. Rxe3 Qxe3 32. Qxe3 Nxe3 33. d6 Nc4 34. Ne4 Nb6 35. Nxf6 Kxf6 36. a5 Nd7 37. Nd4 Ke5 38. Nf5 h5 39. Kf2 h4 40. Ne3 Kxd6 41. g3 hxg3+ 42. Kxg3 Ne5 43. Nf5+ Kc5 44. h4 gxh4+ 45. Kxh4 Kb4 46. Nd6 Kxa5 47. Nxb7+ Kb4 48. Nd6 a5 49. Nf5 a4 50. Nd4 Kc4 51. Nc2 Kc3 52. Na3 Nc4 53. Nb5+ Kb4 54. Nd4 Ne3 55. Ne2 a3 56. Nc1 Kc3 57. g5 Kc2 58. Na2 Nd5 0-1


[Site "https://www.chess.com"]

[Event "Titled Tuesday Blitz March 21 Early 2023"]
[White "Kopczynski, Michal"]
[Black "Costachi, Mihnea"]
[WhiteFideId "1124200"]
[BlackFideId "1217518"]
[WhiteElo "2212"]
[BlackElo "2456"]
[Result "0-1"]
[Round "01"]
[TimeControl "180+2"]
[Date "2023.03.21"]
[WhiteClock "0:00:07"]
[BlackClock "0:01:18"]

1. e4 e5 2. Nf3 Nc6 3. Bb5 a6 4. Ba4 d6 5. O-O Bd7 6. Re1 g6 7. c3 Bg7 8. d4 Nf6 9. Bg5 h6 10. Be3 Ng4 11. Bc1 O-O 12. h3 Nf6 13. Nbd2 Re8 14. d5 Ne7 15. Bxd7 Nxd7 16. Nf1 Rf8 17. Ng3 f5 18. exf5 gxf5 19. Nh5 Ng6 20. Qd2 f4 21. Nxg7 Kxg7 22. Qd3 Qf6 23. Nd2 Nc5 24. Qc2 a5 25. b4 axb4 26. cxb4 Na6 27. a3 Qf7 28. Qc4 Nh4 29. Kh2 Kh8 30. Bb2 Rg8 31. Rg1 Rg7 32. Raf1 Rag8 33. g3 Ng6 34. g4 h5 35. Ne4 Nh4 36. f3 Rh7 37. b5 Nb8 38. b6 hxg4 39. fxg4 Nf5 40. bxc7 Ne3 41. cxb8=Q Rxh3+ 42. Kxh3 Qh7# 0-1


[Site "https://www.chess.com"]

[Event "Titled Tuesday Blitz March 21 Early 2023"]
[White "Movahed, Sina"]
[Black "Staudenhocker43"]
[WhiteFideId "42520835"]
[WhiteElo "2225"]
[BlackElo "2482"]
[Result "1-0"]
[Round "01"]
[TimeControl "180+2"]
[Date "2023.03.21"]
[WhiteClock "0:01:59"]
[BlackClock "0:01:30"]

1. e4 e5 2. Nf3 Nf6 3. Nxe5 d6 4. Nf3 Nxe4 5. d4 d5 6. Bd3 Bd6 7. O-O O-O 8. c4 c6 9. Nc3 Nxc3 10. bxc3 dxc4 11. Bxc4 Bf5 12. Bg5 Qa5 13. d5 Qc5 14. Bb3 cxd5 15. Be3 Qc7 16. Nd4 Bxh2+ 17. Kh1 Bg6 18. f4 Bg3 19. Qg4 Qxc3 20. Qxg3 Re8 21. Rae1 Nc6 22. Nxc6 bxc6 23. f5 Bh5 24. Bf4 Qxg3 25. Bxg3 f6 26. Rc1 Be2 27. Rf4 Rac8 28. Rxc6 Rxc6 29. Bxd5+ Kf8 30. Bxc6 Rc8 31. Ba4 Bc4 32. Rxc4 Rxc4 33. Bd6+ 1-0


[Site "https://www.chess.com"]

[Event "Titled Tuesday Blitz March 21 Early 2023"]
[White "Ben Artzi, Ido"]
[Black "Mitrabha, Guha"]
[WhiteFideId "2810913"]
[BlackFideId "5057000"]
[WhiteElo "2204"]
[BlackElo "2507"]
[Result "0-1"]
[Round "01"]
[TimeControl "180+2"]
[Date "2023.03.21"]
[WhiteClock "0:01:34"]
[BlackClock "0:02:42"]

1. d4 Nf6 2. c4 c5 3. d5 b5 4. cxb5 a6 5. bxa6 Bxa6 6. Nc3 d6 7. e4 Bxf1 8. Kxf1 g6 9. Nf3 Bg7 10. g3 O-O 11. Kg2 Na6 12. a4 Qb6 13. Qe2 Rfb8 14. Nd2 Nd7 15. Nc4 Qb4 16. Nb5 Ne5 17. Ne3 Qxe4+ 18. f3 Qd3 19. Kf2 Nb4 20. Rd1 Qxe2+ 21. Kxe2 Rxb5 0-1


[Site "https://www.chess.com"]

[Event "Titled Tuesday Blitz March 21 Early 2023"]
[White "Nogerbek, Kazybek"]
[Black "Stelmaszyk, Nico"]
[WhiteFideId "13710427"]
[BlackFideId "16200462"]
[WhiteElo "2501"]
[BlackElo "2255"]
[Result "1-0"]
[Round "01"]
[TimeControl "180+2"]
[Date "2023.03.21"]
[WhiteClock "0:00:15"]
[BlackClock "0:00:05"]

1. e4 c5 2. Nf3 Nc6 3. Bc4 e6 4. O-O d5 5. Bb5 dxe4 6. Ne5 Qd5 7. Nxc6 bxc6 8. Nc3 Qd7 9. Ba4 Nf6 10. Qe2 Rb8 11. a3 Be7 12. Nxe4 O-O 13. d3 Qd4 14. Nxf6+ Bxf6 15. Bb3 Ba6 16. Rd1 Rfd8 17. Qf3 c4 18. Be3 Qxb2 19. Bxc4 Bxc4 20. dxc4 Rxd1+ 21. Rxd1 Qxc2 22. g4 Qxc4 23. g5 Be7 24. Rd7 Re8 25. Rxa7 Qd5 26. Qg4 Bc5 27. Ra5 1-0


[Site "https://www.chess.com"]

[Event "Titled Tuesday Blitz March 21 Early 2023"]
[White "Principe, Gerson"]
[Black "Svane, Frederik"]
[WhiteFideId "3804550"]
[BlackFideId "12923044"]
[WhiteElo "2229"]
[BlackElo "2502"]
[Result "0-1"]
[Round "01"]
[TimeControl "180+2"]
[Date "2023.03.21"]
[WhiteClock "0:00:05"]
[BlackClock "0:01:20"]

1. d4 Nf6 2. Nf3 g6 3. e3 Bg7 4. Be2 O-O 5. O-O b6 6. b3 Bb7 7. Bb2 d6 8. c4 Nbd7 9. Nc3 e6 10. b4 a5 11. a3 Qe7 12. Qb3 Rfe8 13. Rfd1 h6 14. Rac1 g5 15. Ne1 Ne4 16. Nxe4 Bxe4 17. Bf3 Nf6 18. Bxe4 Nxe4 19. f3 Nf6 20. e4 Nh5 21. c5 Nf4 22. Rc2 d5 23. g3 Ng6 24. Re2 Qd7 25. Nc2 Red8 26. exd5 Qxd5 27. Qxd5 exd5 28. Bc3 axb4 29. Bxb4 Nf8 30. cxb6 cxb6 31. f4 Re8 32. Rde1 Rxe2 33. Rxe2 Ne6 34. f5 Nxd4 35. Nxd4 Bxd4+ 36. Kg2 Bc5 37. Rc2 Bxb4 38. axb4 Ra4 39. Rc6 Rxb4 40. Rxh6 Kg7 41. Rd6 d4 42. Kh3 b5 43. Kg4 Rc4 44. Kxg5 b4 45. h4 b3 46. Rb6 Rc3 47. g4 d3 48. h5 d2 49. h6+ Kh7 50. Rf6 Rc7 51. Rd6 b2 0-1


[Site "https://www.chess.com"]

[Event "Titled Tuesday Blitz March 21 Early 2023"]
[White "Vogel, Roven"]
[Black "Khamdamova, Afruza"]
[WhiteFideId "12908088"]
[BlackFideId "14210444"]
[WhiteElo "2518"]
[BlackElo "2210"]
[Result "1-0"]
[Round "01"]
[TimeControl "180+2"]
[Date "2023.03.21"]
[WhiteClock "0:00:32"]
[BlackClock "0:00:01"]

1. e4 e5 2. Nf3 Nf6 3. Nc3 Nc6 4. Bb5 Bc5 5. d3 d6 6. Bxc6+ bxc6 7. Be3 Bxe3 8. fxe3 O-O 9. O-O Rb8 10. b3 Re8 11. Qe1 d5 12. Nh4 Ng4 13. Nf5 Qg5 14. Rf3 g6 15. Ng3 d4 16. Nd1 Be6 17. h3 Nxe3 18. Nxe3 dxe3 19. Qxe3 Qxe3+ 20. Rxe3 Red8 21. Rf1 a5 22. a4 h5 23. Rf2 Kg7 24. Ref3 Rd7 25. Nf1 c5 26. Ne3 Rh8 27. Kf1 h4 28. Ke1 Rb8 29. Kd2 c4 30. bxc4 Rb4 31. g3 hxg3 32. Rxg3 Rxa4 33. Kc3 Ra1 34. Rh2 c6 35. h4 Kf8 36. h5 gxh5 37. Rxh5 Ra7 38. Rxe5 a4 39. Kb2 Re1 40. Nf5 Bxf5 41. Rxf5 a3+ 42. Ka2 Re2 43. Rg1 Rxc2+ 44. Kb3 Rb2+ 45. Kc3 Rb8 46. Ra1 Ke7 47. Rf2 Rh8 48. Rfa2 Rh3 49. Rxa3 Rd7 50. Rd1 c5 51. Ra6 Rg3 52. Rc6 Rg5 53. Rd2 Rd6 54. Rxd6 Kxd6 55. Rf2 Ke6 56. Ra2 Rg3 57. Ra6+ Kd7 58. Ra7+ Ke6 59. Rc7 Rg5 60. Kd2 f6 61. Ke3 Kd6 62. Rf7 Ke6 63. Rf8 Rg3+ 64. Ke2 Rg2+ 65. Kf3 Rd2 66. Rd8 Rh2 67. Rd5 Rh3+ 68. Ke2 Rh2+ 69. Ke3 Rh3+ 70. Kd2 Rh2+ 71. Kc3 Ra2 72. Rxc5 Ra3+ 73. Kd4 Ra7 74. Rf5 1-0


[Site "https://www.chess.com"]

[Event "Titled Tuesday Blitz March 21 Early 2023"]
[White "Rottenwohrer Suarez, Juan"]
[Black "Vasquez Schroeder, Rodrigo"]
[WhiteFideId "32068182"]
[BlackFideId "3400042"]
[WhiteElo "2174"]
[BlackElo "2600"]
[Result "0-1"]
[Round "01"]
[TimeControl "180+2"]
[Date "2023.03.21"]
[WhiteClock "0:00:24"]
[BlackClock "0:02:05"]

1. e4 c5 2. Nf3 d6 3. Nc3 a6 4. d4 cxd4 5. Nxd4 Nf6 6. a4 Nc6 7. Be2 e6 8. O-O Be7 9. Be3 O-O 10. Qd2 Qc7 11. h3 Rd8 12. Nxc6 bxc6 13. f4 a5 14. Rad1 Rb8 15. Qc1 d5 16. e5 Nd7 17. Bf3 Bc5 18. Kh1 Bxe3 19. Qxe3 Rxb2 20. Rf2 Qb6 21. Qd2 Nc5 22. Rdf1 Qb4 23. f5 exf5 24. Qg5 Rf8 25. Ne2 Rxc2 26. Nf4 Rxf2 27. Rxf2 Ne6 28. Nxe6 Bxe6 0-1


[Site "https://www.chess.com"]

[Event "Titled Tuesday Blitz March 21 Early 2023"]
[White "Kravtsiv, Martyn"]
[Black "Omariev, Maksim"]
[WhiteFideId "14113147"]
[BlackFideId "4193423"]
[WhiteElo "2695"]
[BlackElo "2479"]
[Result "1-0"]
[Round "01"]
[TimeControl "180+2"]
[Date "2023.03.21"]
[WhiteClock "0:00:54"]
[BlackClock "0:00:02"]

1. e4 c5 2. Nf3 d6 3. g3 Nf6 4. d3 Nc6 5. Bg2 g6 6. O-O Bg7 7. Nc3 O-O 8. Nh4 Bg4 9. f3 Be6 10. f4 Bg4 11. Qd2 Qd7 12. f5 gxf5 13. Nxf5 Bxf5 14. Rxf5 Nd4 15. Rf1 Ng4 16. Nd5 Bh6 17. Qd1 Bxc1 18. Rxc1 Kh8 19. c3 Nc6 20. Bh3 f5 21. Rxf5 Rxf5 22. Qxg4 e6 23. exf5 exd5 24. Qf3 Qf7 25. Bg2 d4 26. Rf1 Re8 27. f6 Re3 28. Qf5 Ne5 29. cxd4 cxd4 30. Qc8+ Qg8 31. Qxb7 1-0


[Site "https://www.chess.com"]

[Event "Titled Tuesday Blitz March 21 Early 2023"]
[White "Donskov, Anatoly"]
[Black "Gharibyan, Mamikon"]
[WhiteFideId "24143413"]
[BlackFideId "13308300"]
[WhiteElo "2247"]
[BlackElo "2445"]
[Result "0-1"]
[Round "01"]
[TimeControl "180+2"]
[Date "2023.03.21"]
[WhiteClock "0:00:01"]
[BlackClock "0:00:13"]

1. e4 g6 2. d4 d6 3. Nc3 a6 4. a4 Bg7 5. Nf3 Nc6 6. h3 Nf6 7. Be3 O-O 8. Bd3 Nb4 9. Be2 a5 10. O-O c6 11. Qd2 e5 12. Rad1 exd4 13. Nxd4 Re8 14. Bf3 d5 15. exd5 Nfxd5 16. Nxd5 Nxd5 17. Bh6 Nb6 18. Bxg7 Kxg7 19. Qc3 Qf6 20. b3 Bd7 21. Qc5 Nc8 22. Rfe1 Ne7 23. Qb6 Nf5 24. Nxf5+ Bxf5 25. Qxb7 Bxc2 26. Rc1 Qb2 27. Qxc6 Rac8 28. Qb5 Bd3 29. Qg5 h6 30. Qf4 g5 31. Rxe8 Rxc1+ 32. Kh2 gxf4 0-1


[Site "https://www.chess.com"]

[Event "Titled Tuesday Blitz March 21 Early 2023"]
[White "Rustemov, Alexander"]
[Black "Khandelwal, Ankush"]
[WhiteFideId "4119002"]
[BlackFideId "413470"]
[WhiteElo "2862"]
[BlackElo "2263"]
[Result "1-0"]
[Round "01"]
[TimeControl "180+2"]
[Date "2023.03.21"]
[WhiteClock "0:00:29"]
[BlackClock "0:00:15"]

1. d4 Nf6 2. c4 g6 3. Nf3 Bg7 4. g3 O-O 5. Bg2 d6 6. Nc3 c6 7. O-O Qa5 8. e4 e5 9. h3 Nbd7 10. Be3 Nb6 11. Qb3 exd4 12. Bxd4 Be6 13. Nd2 Qh5 14. h4 Nxc4 15. Nxc4 b5 16. Rfd1 Bxc4 17. Qc2 Rfe8 18. b3 Be6 19. Ne2 c5 20. Nf4 Qg4 21. Bc3 b4 22. Bb2 Rad8 23. Kh2 Nh5 24. Nxh5 Qxh5 25. Bxg7 Kxg7 26. f4 Bg4 27. Rd3 f5 28. Re3 fxe4 29. Rxe4 Bf5 30. Qb2+ Kh6 31. Ree1 Qg4 32. Qf6 d5 33. Re7 Rxe7 34. Qxe7 Rd7 35. Qf8+ Kh5 36. Re1 Be4 37. Bh3 Qf3 38. g4+ Qxg4 39. Bxg4+ Kxh4 40. Qh6+ Kxg4 41. Qh3+ Kxf4 42. Qxd7 1-0


[Site "https://www.chess.com"]

[Event "Titled Tuesday Blitz March 21 Early 2023"]
[White "Aarav Dengla"]
[Black "Zhigalko, Sergei"]
[WhiteFideId "45059756"]
[BlackFideId "13502956"]
[WhiteElo "2285"]
[BlackElo "2626"]
[Result "0-1"]
[Round "01"]
[TimeControl "180+2"]
[Date "2023.03.21"]
[WhiteClock "0:00:22"]
[BlackClock "0:00:43"]

1. e4 c5 2. Nf3 Nc6 3. Bb5 Nf6 4. Nc3 Qc7 5. d3 Nd4 6. Bc4 e6 7. Nxd4 cxd4 8. Nb5 Qb6 9. Bf4 d6 10. e5 Nd5 11. exd6 Nxf4 12. Nc7+ Kd8 13. Nxa8 Qxd6 14. Qf3 Qe5+ 15. Kf1 Bd6 16. g3 Qh5 17. Qe4 Nd5 18. Qxd4 b6 19. Nxb6 axb6 20. Bb3 Bb7 21. Bxd5 Qxd5 22. Rg1 Qxd4 0-1


[Site "https://www.chess.com"]

[Event "Titled Tuesday Blitz March 21 Early 2023"]
[White "Timofeev, Artyom"]
[Black "Petukhov, Dmitry"]
[WhiteFideId "4140419"]
[BlackFideId "4142748"]
[WhiteElo "2586"]
[BlackElo "2311"]
[Result "1/2-1/2"]
[Round "01"]
[TimeControl "180+2"]
[Date "2023.03.21"]
[WhiteClock "0:00:05"]
[BlackClock "0:00:08"]

1. e4 c5 2. Nf3 d6 3. d4 cxd4 4. Nxd4 Nf6 5. Nc3 Nc6 6. Bg5 Bd7 7. Bxf6 gxf6 8. Be2 Qa5 9. Nb3 Qd8 10. Qd2 h5 11. O-O-O Bh6 12. f4 a5 13. a4 Nb4 14. Kb1 f5 15. exf5 Bxf5 16. Nd4 Qd7 17. Nxf5 Qxf5 18. g3 Rc8 19. Rhe1 Bg7 20. Bb5+ Kf8 21. Re3 Rh6 22. Bd3 Nxd3 23. Rxd3 Re6 24. Nd5 Re4 25. c3 Rc5 26. Qc2 b5 27. axb5 Rxb5 28. R3d2 e6 29. Nc7 Rb7 30. Na6 Kg8 31. Rxd6 Qb5 32. Rd8+ Bf8 33. Nc5 Re2 34. R8d2 Rxd2 35. Rxd2 Qxc5 36. Qe4 Qf5 37. Qxf5 exf5 38. Rd5 a4 39. Ka2 a3 40. bxa3 Ra7 41. Rxf5 Rxa3+ 42. Kb2 Ra7 43. Rxh5 Bg7 44. Rc5 Re7 45. h4 Re2+ 46. Kb3 Rg2 47. Rg5 Kh7 48. h5 Bf6 49. Rf5 Kg7 50. Rc5 Rxg3 51. Rc4 Rh3 52. Rc5 Kh6 53. Kc2 Rxh5 54. Rc6 Kg7 55. c4 Rh4 56. Kd3 Rxf4 57. c5 Rd4+ 58. Ke3 Rc4 59. Kd3 Rc3+ 60. Ke4 Rc1 61. Rc7 Bb2 62. c6 Kg6 63. Rc8 f5+ 64. Kd5 Rd1+ 65. Ke6 Re1+ 66. Kd5 Bg7 67. Rg8 Rc1 68. Kd6 Kf7 69. Ra8 f4 70. c7 f3 71. c8=Q Rxc8 72. Rxc8 f2 73. Rc1 Bd4 74. Rf1 Kf6 75. Kd5 Ba7 76. Ke4 Kg5 77. Kf3 Kf5 78. Kg2 Kf4 79. Ra1 Be3 80. Ra4+ Ke5 81. Kf1 Bd4 82. Ke2 Bc5 83. Ra5 Kd5 84. Ra8 Kc4 85. Rc8 Kd5 86. Rd8+ Ke5 87. Re8+ Kd5 88. Ra8 Ke5 89. Ra5 Kd5 90. Kf1 Kc4 91. Ra6 Kd5 92. Rf6 Kc4 93. Rxf2 Bxf2 1/2-1/2


[Site "https://www.chess.com"]

[Event "Titled Tuesday Blitz March 21 Early 2023"]
[White "Rangel, Daniel"]
[Black "Perez Ponsa, Federico"]
[WhiteFideId "2124475"]
[BlackFideId "117927"]
[WhiteElo "2256"]
[BlackElo "2592"]
[Result "1-0"]
[Round "01"]
[TimeControl "180+2"]
[Date "2023.03.21"]
[WhiteClock "0:00:11"]
[BlackClock "0:00:02"]

1. c4 Nf6 2. g3 g6 3. Bg2 Bg7 4. Nc3 O-O 5. e3 d6 6. Nge2 e5 7. O-O c6 8. d3 Re8 9. Rb1 a5 10. a3 d5 11. cxd5 cxd5 12. d4 e4 13. Nb5 Nc6 14. Nec3 Bg4 15. Qb3 Qd7 16. Na4 Rad8 17. Nc5 Qc8 18. Nc3 Re7 19. Bd2 h5 20. Rbc1 h4 21. N3a4 Bh3 22. Rfe1 Bxg2 23. Kxg2 h3+ 24. Kg1 Qf5 25. Qd1 Ng4 26. Qe2 Bxd4 27. Nxb7 Nce5 28. Nxd8 Nf3+ 29. Kh1 Bg7 30. Bc3 Nfxh2 31. Bxg7 Kxg7 32. Nc6 Re8 33. Nd4 Qf6 34. Rc6 Qe5 35. Rec1 Re7 36. Nc3 Rb7 37. Ncb5 Kh6 38. a4 f6 39. Rc7 Rxc7 40. Rxc7 Qh5 41. Rc8 Kg7 42. Qc2 Ne5 43. Qc7+ Nf7 44. Nd6 Qe2 45. Qxf7+ Kh6 46. Rh8+ Kg5 47. Nxe2 1-0


[Site "https://www.chess.com"]

[Event "Titled Tuesday Blitz March 21 Early 2023"]
[White "Harsha Bharathakoti"]
[Black "Tymrakiewicz, Rafal"]
[WhiteFideId "5078776"]
[BlackFideId "1108832"]
[WhiteElo "2481"]
[BlackElo "2151"]
[Result "1-0"]
[Round "01"]
[TimeControl "180+2"]
[Date "2023.03.21"]
[WhiteClock "0:00:28"]
[BlackClock "0:00:02"]

1. Nf3 d5 2. g3 Nf6 3. Bg2 Bf5 4. O-O e6 5. c4 c6 6. b3 Be7 7. Bb2 O-O 8. d3 h6 9. Nbd2 Bh7 10. Rc1 a5 11. a3 Nfd7 12. Qc2 Bf6 13. Rfe1 Bxb2 14. Qxb2 Qf6 15. d4 Na6 16. Qa1 a4 17. b4 Nb6 18. Ne5 Rfd8 19. e3 Nc7 20. h4 Nd7 21. Nef3 Nb6 22. Red1 Nxc4 23. Nxc4 dxc4 24. Rxc4 Be4 25. Ne5 Bxg2 26. Kxg2 Nb5 27. Rcc1 Qf5 28. Qb2 Qe4+ 29. Kg1 Rd5 30. Nd3 Rh5 31. Nf4 Rf5 32. Rc5 Nc7 33. Rxf5 Qxf5 34. Nd3 Nd5 35. Nc5 Qg4 36. Re1 Ra7 37. Qc2 g5 38. hxg5 hxg5 39. e4 Nf4 40. Qd1 Qxd1 41. Rxd1 Ng6 42. d5 cxd5 43. exd5 b6 44. d6 Nf8 45. d7 Nxd7 46. Rxd7 1-0


[Site "https://www.chess.com"]

[Event "Titled Tuesday Blitz March 21 Early 2023"]
[White "Eynullayev, Atilla"]
[Black "Kobo, Ori"]
[WhiteFideId "13413570"]
[BlackFideId "2812320"]
[WhiteElo "2181"]
[BlackElo "2447"]
[Result "1-0"]
[Round "01"]
[TimeControl "180+2"]
[Date "2023.03.21"]
[WhiteClock "0:00:16"]
[BlackClock "0:00:02"]

1. d4 Nf6 2. c4 g6 3. Nc3 Bg7 4. e4 d6 5. Be2 e5 6. d5 a5 7. g4 Na6 8. h4 h5 9. g5 Nd7 10. Be3 Ndc5 11. Qd2 Bd7 12. f3 a4 13. Nh3 O-O 14. Nf2 f5 15. gxf6 Bxf6 16. O-O-O Kh7 17. Nh3 Bxh3 18. Rxh3 Nb4 19. Kb1 Qd7 20. Rh2 a3 21. b3 Nba6 22. Rg1 Rg8 23. Rhg2 Raf8 24. Nd1 Bh8 25. Nf2 Rf4 26. Rh2 Bf6 27. Nh3 Rxh4 28. Rgh1 Kg7 29. Ng5 Rxh2 30. Rxh2 Bxg5 31. Bxg5 Rh8 32. b4 Na4 33. f4 Re8 34. f5 gxf5 35. Bh6+ Kh8 36. Rxh5 Qf7 37. Qg5 fxe4 38. Bg7+ 1-0


[Site "https://www.chess.com"]

[Event "Titled Tuesday Blitz March 21 Early 2023"]
[White "Ahmadzada, Ahmad"]
[Black "Gonzalez, Francisco Silva"]
[WhiteFideId "13413007"]
[BlackFideId "1512285"]
[WhiteElo "2388"]
[BlackElo "2074"]
[Result "1-0"]
[Round "01"]
[TimeControl "180+2"]
[Date "2023.03.21"]
[WhiteClock "0:00:42"]
[BlackClock "0:01:08"]

1. e4 e5 2. Nf3 Nc6 3. Bb5 a6 4. Ba4 Nf6 5. Nc3 b5 6. Bb3 Bc5 7. d3 O-O 8. a4 Rb8 9. h3 Re8 10. O-O h6 11. axb5 axb5 12. Nd5 d6 13. c3 Nxd5 14. Bxd5 Ne7 15. Bb3 Bb6 16. Be3 Ng6 17. Bxb6 Rxb6 18. Ra8 Qe7 19. d4 Be6 20. Ra7 Qd8 21. Bxe6 Rxe6 22. Qb3 Re8 23. Rfa1 Nf4 24. Kh2 exd4 25. cxd4 Qf6 26. Rxc7 Rxe4 27. Ra8+ Kh7 28. Rxf7 Qe6 29. Qxe6 Nxe6 30. Re8 Kg6 31. Ree7 Rf4 32. Rxf4 Nxf4 33. Re3 Kf6 34. g3 Nd5 35. Re2 Ra6 36. Nd2 Kf5 37. Kg2 Ra4 38. Ne4 Ra6 39. f3 Nb4 40. g4+ Kf4 41. Ng3 d5 42. Re5 g6 43. Ne2# 1-0


[Site "https://www.chess.com"]

[Event "Titled Tuesday Blitz March 21 Early 2023"]
[White "Escanor89"]
[Black "Moussard, Jules"]
[BlackFideId "642908"]
[WhiteElo "2464"]
[BlackElo "2610"]
[Result "0-1"]
[Round "01"]
[TimeControl "180+2"]
[Date "2023.03.21"]
[WhiteClock "0:00:02"]
[BlackClock "0:00:04"]

1. c4 d6 2. Nc3 e5 3. d4 exd4 4. Qxd4 Nc6 5. Qd2 g6 6. b3 Bg7 7. Bb2 Nf6 8. g3 O-O 9. Bg2 Re8 10. Nf3 Bg4 11. O-O Qd7 12. Rfe1 a5 13. Nd5 Nxd5 14. Bxg7 Kxg7 15. cxd5 Bxf3 16. Bxf3 Ne5 17. Bg2 Re7 18. Rac1 a4 19. f4 Ng4 20. e4 axb3 21. axb3 Kg8 22. h3 Nf6 23. e5 Nh5 24. Kh2 Rae8 25. e6 Qb5 26. Rc3 fxe6 27. dxe6 Nf6 28. Qd4 Nh5 29. Rec1 Rc8 30. Bd5 Ng7 31. Bc4 Qe8 32. Re1 Rd8 33. Qf6 c6 34. Rce3 d5 35. Bd3 Rd6 36. f5 gxf5 37. Bxf5 d4 38. Re4 d3 39. Bg4 d2 40. Rd1 Qf8 41. Qxf8+ Kxf8 42. Re2 Nxe6 43. Bxe6 Rexe6 44. Rexd2 Rxd2+ 45. Rxd2 Ke7 46. Kg2 Re3 47. b4 Rb3 48. Rd4 Ke6 49. h4 h5 50. Rf4 b5 51. Kf2 Ke5 52. Rf8 Rxb4 53. Rh8 Rb2+ 54. Kf3 Rb3+ 55. Kf2 c5 56. Rxh5+ Kd4 57. g4 c4 58. Rh8 c3 59. Rd8+ Kc4 60. Rc8+ Kd3 61. Rd8+ Kc2 62. g5 Rb4 63. Kg3 Kb2 64. g6 Rc4 65. Rd1 c2 66. Rh1 c1=Q 67. Rxc1 Kxc1 68. g7 Rc8 69. h5 b4 70. h6 Rg8 71. Kf4 b3 72. h7 Rxg7 73. h8=Q Rc7 0-1


[Site "https://www.chess.com"]

[Event "Titled Tuesday Blitz March 21 Early 2023"]
[White "Drygalov, Andrey"]
[Black "Baches Garcia, Guillermo"]
[WhiteFideId "24171735"]
[BlackFideId "2209764"]
[WhiteElo "2471"]
[BlackElo "2463"]
[Result "1-0"]
[Round "01"]
[TimeControl "180+2"]
[Date "2023.03.21"]
[WhiteClock "0:01:17"]
[BlackClock "0:00:15"]

1. e4 c5 2. Nf3 d6 3. d4 cxd4 4. Nxd4 Nf6 5. Nc3 Nc6 6. Bg5 e6 7. Qd2 h6 8. Bxf6 gxf6 9. O-O-O a6 10. Kb1 Bd7 11. f4 Qb6 12. Nf3 O-O-O 13. g3 Kb8 14. f5 Rc8 15. Bh3 Na5 16. Qd4 Qxd4 17. Nxd4 Re8 18. Rhf1 Bg7 19. Nce2 Nc4 20. fxe6 fxe6 21. Rfe1 f5 22. Nf4 e5 23. Nh5 exd4 24. Nxg7 Re7 25. Nxf5 Bxf5 26. exf5 Rxe1 27. Rxe1 Ne3 28. c3 1-0


[Site "https://www.chess.com"]